 Dungeon Crawl Stone Soup version 0.30-a0-824-g6c64550be9 (webtiles) character file.

Game seed: 2279605488935053150

209 Ghostmaker01 the Vexing (level 5, 0/41 HPs)
             Began as a Gnoll Hexslinger on Feb 23, 2023.
             Was an Initiate of Sif Muna.
             Slain by a scorpion (4 damage)
             ... on level 4 of the Dungeon on Feb 27, 2023.
             The game lasted 00:17:50 (2905 turns).

Ghostmaker01 the Vexing (Gnoll Hexslinger)          Turns: 2905, Time: 00:17:50

Health: 0/41       AC:  3    Str: 10    XL:     5   Next: 87%
Magic:  9/9        EV: 14    Int: 12    God:    Sif Muna [......]
Gold:   286        SH:  0    Dex: 14    Spells: 6/10 levels left

rFire   . . .      SeeInvis .    a - +1 sling
rCold   . . .      Faith    .    (no shield)
rNeg    . . .      Spirit   .    c - +0 robe
rPois   .          Reflect  .    (no helmet)
rElec   .          Harm     .    k - +0 cloak
rCorr   .          Rampage  .    (no gloves)
Will    .....                    (no boots)
Stlth   ++                       n - amulet of regeneration
HPRegen 1.06/turn                (no ring)
MPRegen 0.11/turn                (no ring)

@: lethally poisoned (0 -> -3)
A: fangs 1, strong nose, distributed training
a: Renounce Religion


You were on level 4 of the Dungeon.
You worshipped Sif Muna.
Sif Muna was noncommittal.
You visited 2 branches of the dungeon, and saw 5 of its levels.
You also visited: Sewer.

You collected 286 gold pieces.

Inventory:

Hand Weapons
 a - a +1 sling (weapon)
Armour
 c - a +0 robe (worn)
 g - a +0 leather armour
 k - a +0 cloak (worn)
Jewellery
 n - an amulet of regeneration (around neck)
Wands
 l - a wand of flame (15)
 m - a wand of iceblast (11)
Scrolls
 b - 2 scrolls of poison
 h - 3 scrolls of identify
 j - 2 scrolls of teleportation
Potions
 d - 5 potions of flight
 e - 3 potions of curing
 f - a potion of resistance {unknown}
 i - 3 potions of mutation
 p - a potion of attraction {unknown}


   Skills:
 + Level 3.1 Fighting
 + Level 1.7 Short Blades
 + Level 1.7 Long Blades
 + Level 1.7 Axes
 + Level 1.7 Maces & Flails
 + Level 1.7 Polearms
 + Level 1.7 Staves
 + Level 4.9 Ranged Weapons
 + Level 1.7 Throwing
 + Level 1.7 Armour
 + Level 4.9 Dodging
 + Level 1.7 Stealth
 + Level 1.7 Shields
 + Level 1.7 Unarmed Combat
 + Level 3.3 Spellcasting
 + Level 1.3 Conjurations
 + Level 5.6 Hexes
 + Level 1.3 Summonings
 + Level 1.3 Necromancy
 + Level 1.3 Translocations
 + Level 1.3 Transmutations
 + Level 1.3 Fire Magic
 + Level 1.3 Ice Magic
 + Level 1.3 Air Magic
 + Level 1.3 Earth Magic
 + Level 1.3 Poison Magic
 + Level 2.0 Invocations
 + Level 1.7 Evocations


You had 6 spell levels left.
You knew the following spells:

 Your Spells              Type           Power      Damage    Failure   Level
a - Slow                  Hex            60%        N/A       2%          1
b - Inner Flame           Hex/Fire       10%        N/A       17%         3

Your spell library contained the following spells:

 Spells                   Type           Power      Damage    Failure   Level
 Foxfire                  Conj/Fire      20%        2x1d5     14%         1
 Dazzling Flash           Conj/Hex       20%        N/A       17%         3
 Portal Projectile        Hex/Tloc       20%        N/A       17%         3
 Cause Fear               Hex            7%         N/A       24%         4
 Ozocubu's Armour         Ice            5%         N/A       38%         3
 Metabolic Englaciation   Hex/Ice        5%         N/A       83%         5
 Silence                  Hex/Air        5%         N/A       83%         5
 Agony                    Necr           5%         N/A       98%         5
 Fireball                 Conj/Fire      2%         3d4       98%         5
 Simulacrum               Ice/Necr       2%         N/A       100%        6
 Starburst                Conj/Fire      2%         6d3       100%        6


Dungeon Overview and Level Annotations

Branches:
Dungeon (4/15)             Temple (1/1) D:4           Sewer (visited)

Altars:
Ashenzari
Dithmenos
Elyvilon
Fedhas
Hepliaklqana
Kikubaaqudgha
Makhleb
Nemelex Xobeh
Okawaru
Qazlal
Ru
Sif Muna
Trog
Uskayaw
Vehumet
Wu Jian
Yredelemnul
Zin
The Shining One


Innate Abilities, Weirdness & Mutations

You have very sharp teeth.
Your uncanny sense of smell can sniff out nearby items.
Your experience applies equally to all skills.


Message History

Fire: a) +1 sling
Press: ? - help, Q - select action, (/) - cycle Shift-Dir - straight line, f/p - scorpion
Aim: a scorpion (lightly wounded, 60% to hit)
You shoot a sling bullet.
The sling bullet barely misses the scorpion.
You feel very sick. The scorpion stings you.
Fire: a) +1 sling
Press: ? - help, Q - select action, (/) - cycle Shift-Dir - straight line, f/p - scorpion
Aim: a scorpion (lightly wounded, 60% to hit)
You shoot a sling bullet.
The sling bullet closely misses the scorpion.
You feel very sick. The scorpion misses you. The scorpion stings you.
Fire: a) +1 sling
Press: ? - help, Q - select action, (/) - cycle Shift-Dir - straight line, f/p - scorpion
Aim: a scorpion (lightly wounded, 60% to hit)
You shoot a sling bullet.
The sling bullet closely misses the scorpion.
You feel sick. The scorpion stings you.
You are more poisoned.
The scorpion poisons you!
Fire: a) +1 sling
Press: ? - help, Q - select action, (/) - cycle Shift-Dir - straight line, f/p - scorpion
Aim: a scorpion (lightly wounded, 60% to hit)
You shoot a sling bullet. The sling bullet hits the scorpion.
The scorpion is heavily wounded.
You feel very sick.
The scorpion stings you but does no damage.
The scorpion stings you.
* * * LOW HITPOINT WARNING * * *
Aiming: Throw Flame
Press: ? - help, Shift-Dir - straight line, f/p - scorpion
Aim: a scorpion (heavily wounded, 71% to hit)
The puff of flame hits the scorpion but does no damage.
The scorpion is heavily wounded.
* * * LOW HITPOINT WARNING * * *
You feel very sick. The scorpion stings you.
You die...

#......# #......#... ..#
#......#... ..+
######......#... ...#
............##.. ...#
.............#..###...##
.....#.......#.........#
###..#.......#...s.....#
###..#.......###@#######
.##..#......[...........
...........#####........
.#####....##PPP##.......
## ###.##P...P#....... #
#..'..>.P#..##### #
#######P...P#..# #####.#
##PPP##..# ##...## #####
..#


You could see a scorpion.

Vanquished Creatures
  2 iguanas (D:4)
  A sickly merfolk siren (Sewer)
  A malarious merfolk avatar (Sewer)
  4 river rats
  3 worms (D:3)
  A dart slug (D:2)
  An orc (D:4)
  An endoplasm (D:3)
  A giant cockroach (Sewer)
  A goblin (D:2)
  5 hobgoblins
  3 kobolds
  7 quokkas
  8 ball pythons
  5 bats
  8 frilled lizards
  25 rats
77 creatures vanquished.

Notes
Turn   | Place    | Note
-------+----------+-------------------------------------------
     0 | D:1      | Ghostmaker01 the Gnoll Hexslinger began the quest for the
                  | Orb.
     0 | D:1      | Reached XP level 1. HP: 17/17 MP: 4/4
   747 | D:2      | Reached XP level 2. HP: 18/23 MP: 5/5
  1364 | D:2      | Upgraded the game from 0.30-a0-802-gb92711bcdf to
                  | 0.30-a0-824-g6c64550be9
  1459 | D:3      | Found a faded altar of an unknown god.
  1496 | D:3      | Reached XP level 3. HP: 28/28 MP: 7/7
  1525 | D:3      | Found a glowing drain.
  1532 | D:3      | Reached skill level 1 in Invocations
  1549 | Sewer    | Entered a sewer
  1587 | Sewer    | Reached skill level 1 in Short Blades
  1587 | Sewer    | Reached skill level 1 in Long Blades
  1587 | Sewer    | Reached skill level 1 in Axes
  1587 | Sewer    | Reached skill level 1 in Maces & Flails
  1587 | Sewer    | Reached skill level 1 in Polearms
  1587 | Sewer    | Reached skill level 1 in Staves
  1587 | Sewer    | Reached skill level 1 in Throwing
  1587 | Sewer    | Reached skill level 1 in Armour
  1587 | Sewer    | Reached skill level 1 in Stealth
  1587 | Sewer    | Reached skill level 1 in Shields
  1587 | Sewer    | Reached skill level 1 in Unarmed Combat
  1587 | Sewer    | Reached skill level 1 in Evocations
  1622 | Sewer    | Reached XP level 4. HP: 34/34 MP: 0/8
  1795 | Sewer    | Reached skill level 1 in Conjurations
  1795 | Sewer    | Reached skill level 1 in Summonings
  1795 | Sewer    | Reached skill level 1 in Necromancy
  1795 | Sewer    | Reached skill level 1 in Translocations
  1795 | Sewer    | Reached skill level 1 in Transmutations
  1795 | Sewer    | Reached skill level 1 in Fire Magic
  1795 | Sewer    | Reached skill level 1 in Ice Magic
  1795 | Sewer    | Reached skill level 1 in Air Magic
  1795 | Sewer    | Reached skill level 1 in Earth Magic
  1795 | Sewer    | Reached skill level 1 in Poison Magic
  1931 | Sewer    | Reached XP level 5. HP: 40/40 MP: 9/9
  2017 | Sewer    | Learned a level 3 spell: Inner Flame
  2490 | D:4      | Found a blossoming altar of Fedhas.
  2549 | D:4      | Found a staircase to the Ecumenical Temple.
  2555 | Temple   | Entered the Ecumenical Temple
  2812 | Temple   | Became a worshipper of Sif Muna the Loreminder
  2905 | D:4      | Slain by a scorpion

Illustrated notes

Levels and vault maps discovered:
D:1:      amcnicky_arrival_flooded_fountain, layout_loops_cross
D:2:      layout_loops_ring, chequers_serial_rivers_large_b
D:3:      layout_basic, ebering_ecumenical_altar_hall,
          cheibrodos_sewer_entry_sluice
D:4:      layout_gridville, nicolae_overflow_crystal_walls,
          minmay_temple_entry_enclosed_plants, nicolae_titane
Temple:   nicolae_temple_two_arcs

Skill      XL: |  1  2  3  4  5 |
---------------+----------------+-----
Invocations    | 1 2 |  2.0
Short Blades   | 1 |  1.7
Long Blades    | 1 |  1.7
Axes           | 1 |  1.7
Maces & Flails | 1 |  1.7
Polearms       | 1 |  1.7
Staves         | 1 |  1.7
Throwing       | 1 |  1.7
Armour         | 1 |  1.7
Stealth        | 1 |  1.7
Shields        | 1 |  1.7
Unarmed Combat | 1 |  1.7
Evocations     | 1 |  1.7
Spellcasting   | 3 |  3.3
Conjurations   | 1 |  1.3
Summonings     | 1 |  1.3
Necromancy     | 1 |  1.3
Translocations | 1 |  1.3
Transmutations | 1 |  1.3
Fire Magic     | 1 |  1.3
Ice Magic      | 1 |  1.3
Air Magic      | 1 |  1.3
Earth Magic    | 1 |  1.3
Poison Magic   | 1 |  1.3
Fighting       | 3 |  3.1
Ranged Weapons | |  4.9
Dodging        | |  4.9
Hexes          | |  5.6

Action                     |  1- 3 |  4- 6 || total
---------------------------+-------+-------++-------
   Fire: Sling             |   108 |   147 ||   255
   Cast: Slow              |    13 |     8 ||    21
         Inner Flame       |       |     2 ||     2
  Evoke: Wand              |       |     1 ||     1
    Use: Scroll            |     7 |       ||     7
 Armour: Robe              |     8 |     7 ||    15
  Dodge: Dodged            |    23 |    49 ||    72

Table legend: (Time is in decaauts)
 A = Elapsed time spent in this place.
 B = Non-inter-level travel time spent in this place.
 C = Inter-level travel time spent in this place.
 D = Time resting spent in this place.
 E = Time spent auto-exploring this place.
 F = Levels seen in this place.
 G = Mean time per level.
                   A        B        C        D        E       F      G
               +--------+--------+--------+--------+--------+-----+--------+
         Total |   3036 |   2943 |     93 |     14 |   1873 |   6 |  506.0 |
       Dungeon |   2092 |   1999 |     93 |      0 |   1574 |   4 |  523.0 |
        Temple |    324 |    324 |      0 |      0 |     42 |   1 |  324.0 |
         Sewer |    619 |    619 |      0 |     14 |    257 |   1 |  619.0 |
               +--------+--------+--------+--------+--------+-----+--------+

Top non-repeatable levels by time:
     D:2: 750 daAuts
     D:1: 722 daAuts
   Sewer: 619 daAuts
     D:3: 461 daAuts
  Temple: 324 daAuts
     D:4: 157 daAuts
